 Dungeon Crawl Stone Soup version 0.23.2-40-g277498a001 (webtiles) character file.

Game seed: 7043224821228299274

769671 DildoBatman the Metallomancer (level 27, -8/190 HPs)
             Began as a Formicid Wizard on Sept 21, 2019.
             Was an Initiate of Gozag.
             Mangled by a juggernaut (31 damage)
             ... on level 24 of a ziggurat on Sept 23, 2019.
             The game lasted 06:13:32 (65585 turns).

DildoBatman the Metallomancer (Formicid Wizard)    Turns: 65585, Time: 06:13:32

Health: -8/190     AC: 33    Str: 14    XL:     27
Magic:  16/48      EV: 16    Int: 36    God:    Gozag
Gold:   7951       SH: 27    Dex: 15    Spells: 1/68 levels left

rFire    + + .     SeeInvis +   a - +9 demon trident (elec)
rCold    + + .     Gourm    .   r - +8 large shield {AC+3}
rNeg     + . .     Faith    .   o - +3 robe of Folly {Archmagi, MR-- Int+5}
rPois    .         Spirit   .   (helmet unavailable)
rElec    +         Reflect  .   X - +2 cloak {MR+}
rCorr    .         Harm     .   R - +3 pair of gauntlets of War {Slay+5}
MR       +....                  g - +2 pair of boots
Stlth    ++++......             m - amulet "Zedac" {RegenMP *Drain rF+ Dex+6}
HPRegen  1.41/turn              V - ring of Jyontoam {rElec rF+ rC+ rN+}
MPRegen  0.56/turn              t - ring of Robustness {AC+8}

@: regenerating, deflect missiles
A: permanent stasis, dig shafts and tunnels, four strong arms, antennae 3,
iridescent scales 1, slimy green scales 1, camouflage 1, clever 1, cold
resistance 1
}: 4/15 runes: decaying, silver, golden, gossamer
a: Dig, Shaft Self, Potion Petition, Call Merchant, Bribe Branch, Renounce
Religion


You were on level 24 of a ziggurat.
You worshipped Gozag.
Gozag was greatly pleased with you.
You were not hungry.

You visited 10 branches of the dungeon, and saw 46 of its levels.
You visited 1 ziggurat, and saw 24 of its levels.
You also visited: Ice Cave.

You collected 35379 gold pieces.
You spent 10586 gold pieces at shops.
You paid 16842 gold pieces to Gozag.

Inventory:

Hand Weapons
 a - a +9 demon trident of electrocution (weapon)
 b - the +7 arbalest "Coim" {velocity, *Slow rC+++ Int+4}
   (You found it on level 2 of the Vaults)

   Any bolt fired from it inflicts extra damage.
   It affects your intelligence (+4).
   It renders you almost immune to cold.
   It may slow you when you take damage.
Missiles
 h - 2127 bolts
 s - 32 javelins of penetration (quivered)
 D - 5 throwing nets
Armour
 e - the +2 robe of Follow the Leader {rElec rF+ SInv}
   (You found it on level 23 of a ziggurat)

   It protects you from fire.
   It insulates you from electricity.
   It lets you see invisible.
 g - a +2 pair of boots (worn)
 o - the +3 robe of Folly (worn) {Archmagi, MR-- Int+5}
   (You took it off an ironbrand convoker on level 5 of the Vaults)

   It affects your intelligence (+5).
   It affects your resistance to hostile enchantments.
 r - a +8 large shield of protection (worn)
 R - the +3 pair of gauntlets of War (worn) {Slay+5}
   (You found it on level 15 of a ziggurat)

   It affects your accuracy and damage with ranged weapons and melee attacks
   (+5).
 X - a +2 cloak of magic resistance (worn)
Jewellery
 i - the ring "Ref Gyte" {-Tele Int+7 Stlth-}
   (You found it on level 5 of the Lair of Beasts)

   [ring of attention]

   It affects your intelligence (+7).
   It prevents most forms of teleportation.
   It makes you less stealthy.
 m - the amulet "Zedac" (around neck) {RegenMP *Drain rF+ Dex+6}
   (You found it on level 3 of the Lair of Beasts)

   [amulet of magic regeneration]

   It increases your magic regeneration.
   It affects your dexterity (+6).
   It protects you from fire.
   It causes draining when unequipped.
 n - the ring of Puxe Qups {rElec rF+++ Str+4 Dex-4 Stlth+}
   (You took it off an ironbrand convoker on level 5 of the Vaults)

   [ring of strength]

   It affects your strength (+4).
   It affects your dexterity (-4).
   It renders you almost immune to fire.
   It insulates you from electricity.
   It makes you more stealthy.
 t - the ring of Robustness (right hand) {AC+8}
   (You took it off a deep elf demonologist on level 3 of the Elven Halls)

   [ring of protection]

   It affects your AC (+8).
 V - the ring of Jyontoam (left hand) {rElec rF+ rC+ rN+}
   (You found it on level 3 of the Crypt)

   [ring of positive energy]

   It protects you from fire.
   It protects you from cold.
   It insulates you from electricity.
   It protects you from negative energy.
Wands
 j - a wand of clouds (9)
 k - a wand of iceblast (40)
 u - a wand of disintegration (56)
 w - a wand of acid (13)
 H - a wand of scattershot (10)
Scrolls
 c - 4 scrolls of amnesia
 l - 10 scrolls of immolation
 x - 22 scrolls of remove curse
 z - 16 scrolls of identify
 F - 2 scrolls of summoning
 I - 5 scrolls of torment
 J - 6 scrolls of fear
 P - 19 scrolls of fog
 T - 5 scrolls of holy word
 Y - 3 scrolls of enchant armour
Potions
 p - 9 potions of brilliance
 B - 13 potions of might
 C - 10 potions of mutation
 E - 4 potions of resistance
 K - 3 potions of agility
 M - 14 potions of cancellation
 N - 8 potions of ambrosia
 Q - 5 potions of heal wounds
 U - a potion of invisibility
 W - 28 potions of curing
 Z - 4 potions of magic
Miscellaneous
 d - a phial of floods
 f - a fan of gales (inert)
 q - 9 boxes of beasts
 y - 9 sacks of spiders
 A - a lightning rod (4/4)
 L - a lamp of fire
 O - 4 phantom mirrors
Comestibles
 v - 50 rations


   Skills:
 - Level 10.0 Fighting
 - Level 5.0 Polearms
 - Level 12.2 Crossbows
 - Level 14.0 Throwing
 - Level 17.0 Armour
 - Level 7.0 Dodging
 - Level 6.0 Stealth
 - Level 15.0 Shields
 - Level 21.1 Spellcasting
 - Level 16.7 Conjurations
 - Level 8.0 Hexes
 - Level 13.9 Charms
 - Level 6.0 Summonings
 - Level 19.0 Necromancy
   Level 0.8 Translocations
 - Level 19.0 Transmutations
 - Level 5.0 Fire Magic
 * Level 20.4 Air Magic
 - Level 25.0 Earth Magic
   Level 6.0 Poison Magic
 - Level 6.0 Evocations


You had one spell level left.
You knew the following spells:

 Your Spells              Type           Power        Failure   Level  Hunger
a - Borgnjor's Vile Clut  Necr/Erth      ########..   0%          5    None
b - Shatter               Erth           ########..   2%          9    #####..
c - Tornado               Air            ########..   17%         9    #####..
d - Necromutation         Tmut/Necr      ########..   1%          8    ###....
e - Regeneration          Chrm/Necr      ########..   0%          3    None
f - Bolt of Magma         Conj/Fire/Erth ########..   1%          5    None
g - Darkness              Hex            #######...   4%          6    None
h - Ozocubu's Armour      Chrm/Ice       #######.     1%          3    None
i - Aura of Abjuration    Summ           #######...   1%          5    None
j - Deflect Missiles      Chrm/Air       ########..   1%          6    None
k - Chain Lightning       Conj/Air       ########..   2%          8    ###....

Your spell library contained the following spells:

 Spells                   Type           Power        Failure   Level  Hunger
 Animate Skeleton         Necr           N/A          0%          1    None
 Beastly Appendage        Tmut           ######       0%          1    None
 Flame Tongue             Conj/Fire      #####        0%          1    None
 Infusion                 Chrm           ####         0%          1    None
 Magic Dart               Conj           ####         0%          1    None
 Pain                     Necr           ####         0%          1    None
 Sandblast                Erth           ######       0%          1    None
 Shock                    Conj/Air       ####         0%          1    None
 Sting                    Conj/Pois      ####         0%          1    None
 Apportation              Tloc           ######       1%          1    None
 Confusing Touch          Hex            ######       1%          1    None
 Corona                   Hex            #######      1%          1    None
 Freeze                   Ice            ####         1%          1    None
 Summon Butterflies       Summ           #######.     1%          1    None
 Summon Small Mammal      Summ           ####         1%          1    None
 Corpse Rot               Necr           N/A          0%          2    None
 Passwall                 Tmut/Erth      ########     0%          2    None
 Poisonous Vapours        Pois/Air       ######       0%          2    None
 Searing Ray              Conj           ######       0%          2    None
 Sticks to Snakes         Tmut           ########     0%          2    None
 Sublimation of Blood     Necr           ########..   0%          2    None
 Swiftness                Chrm/Air       ########     0%          2    None
 Throw Flame              Conj/Fire      ######       0%          2    None
 Dazzling Spray           Conj/Hex       ######       0%          3    None
 Mephitic Cloud           Conj/Pois/Air  ########     0%          3    None
 Spider Form              Tmut/Pois      ########..   0%          3    None
 Static Discharge         Conj/Air       ########     0%          3    None
 Stone Arrow              Conj/Erth      ######       0%          3    None
 Vampiric Draining        Necr           ########..   0%          3    None
 Airstrike                Air            ########..   0%          4    None
 Animate Dead             Necr           N/A          0%          4    None
 Iskenderun's Mystic Bla  Conj           ########     0%          4    None
 Leda's Liquefaction      Hex/Erth       ########..   0%          4    None
 Petrify                  Tmut/Erth      ########     0%          4    None
 Agony                    Necr           ########     0%          5    None
 Blade Hands              Tmut           ########..   0%          5    None
 Bolt of Draining         Conj/Necr      ########..   0%          5    None
 Dispel Undead            Necr           ########     0%          5    None
 Irradiate                Conj/Tmut      ########..   0%          5    None
 Lee's Rapid Deconstruct  Erth           ########..   0%          5    None
 Lightning Bolt           Conj/Air       ########..   0%          5    None
 Statue Form              Tmut/Erth      ########.    0%          6    None
 Call Imp                 Summ           #######.     1%          2    None
 Ensorcelled Hibernation  Hex/Ice        ######       1%          2    None
 Shroud of Golubria       Chrm/Tloc      #######...   1%          2    None
 Slow                     Hex            #######.     1%          2    None
 Throw Frost              Conj/Ice       ######       1%          2    None
 Call Canine Familiar     Summ           #######.     1%          3    None
 Confuse                  Hex            #######.     1%          3    None
 Conjure Flame            Conj/Fire      ########     1%          3    None
 Gell's Gravitas          Tloc           ######....   1%          3    None
 Ignite Poison            Fire/Tmut/Pois ########     1%          3    None
 Inner Flame              Hex/Fire       #######.     1%          3    None
 Lesser Beckoning         Tloc           ######....   1%          3    None
 Portal Projectile        Hex/Tloc       ######       1%          3    None
 Recall                   Summ/Tloc      N/A          1%          3    None
 Summon Guardian Golem    Hex/Summ       #######.     1%          3    None
 Teleport Other           Tloc           ######..     1%          3    None
 Tukima's Dance           Hex            #######.     1%          3    None
 Cause Fear               Hex            #######...   1%          4    None
 Force Lance              Conj/Tloc      ########     1%          4    None
 Fulminant Prism          Conj/Hex       ########..   1%          4    None
 Ice Form                 Ice/Tmut       ########     1%          4    None
 Olgreb's Toxic Radiance  Pois           #######.     1%          4    None
 Sticky Flame             Conj/Fire      ########     1%          4    None
 Summon Lightning Spire   Summ/Air       ########     1%          4    None
 Throw Icicle             Conj/Ice       #######.     1%          4    None
 Alistair's Intoxication  Tmut/Pois      ########     1%          5    None
 Excruciating Wounds      Chrm/Necr      ########..   1%          5    None
 Fireball                 Conj/Fire      ########..   1%          5    None
 Iskenderun's Battlesphe  Conj/Chrm      ########     1%          5    None
 Silence                  Hex/Air        ########..   1%          5    None
 Summon Demon             Summ           #######...   1%          5    None
 Summon Mana Viper        Hex/Summ       #######.     1%          5    None
 Venom Bolt               Conj/Pois      ########..   1%          5    None
 Yara's Violent Unravell  Hex/Tmut       ########..   1%          5    None
 Bolt of Fire             Conj/Fire      ########..   1%          6    None
 Death Channel            Necr           ########..   1%          6    None
 Freezing Cloud           Conj/Ice/Air   ########..   1%          6    None
 Hydra Form               Tmut           ########..   1%          6    None
 Iron Shot                Conj/Erth      ########..   1%          6    None
 Poison Arrow             Conj/Pois      ########..   1%          6    None
 Dragon Form              Tmut           ########..   1%          7    None
 Borgnjor's Revivificati  Necr           ########..   1%          8    ###....
 Infestation              Necr           ########..   1%          8    ###....
 Lehudib's Crystal Spear  Conj/Erth      ########..   1%          8    ###....
 Summon Ice Beast         Ice/Summ       ######..     2%          4    None
 Simulacrum               Ice/Necr       ########..   2%          6    None
 Bolt of Cold             Conj/Ice       #######...   3%          6    None
 Haunt                    Necr/Summ      ########..   3%          7    None
 Metabolic Englaciation   Hex/Ice        #######...   4%          5    None
 Summon Forest            Summ/Tloc      #######...   4%          5    None
 Invisibility             Hex            #######.     4%          6    None
 Passage of Golubria      Tloc           N/A          5%          4    None
 Death's Door             Chrm/Necr      ########..   5%          8    ###....
 Spellforged Servitor     Conj/Summ      ########..   6%          7    None
 Shadow Creatures         Summ           N/A          10%         6    None
 Ring of Flames           Chrm/Fire      ########..   13%         7    None
 Monstrous Menagerie      Summ           #######...   47%         7    None
 Summon Greater Demon     Summ           #######...   47%         7    None
 Summon Hydra             Summ           #######...   47%         7    None
 Dispersal                Tloc           ######....   63%         6    None
 Ozocubu's Refrigeration  Ice            ######....   75%         6    None
 Malign Gateway           Summ/Tloc      #######...   83%         7    None
 Discord                  Hex            #######...   88%         8    ###....
 Ignition                 Fire           #######...   99%         8    ###....
 Summon Horrible Things   Summ           #######...   99%         8    ###....
 Disjunction              Tloc           ######....   100%        8    ###....
 Dragon's Call            Summ           #######...   100%        9    #####..
 Fire Storm               Conj/Fire      ########..   100%        9    #####..
 Glaciate                 Conj/Ice       #######...   100%        9    #####..
 Blink                    Tloc           Unusable     N/A         2    N/A
 Controlled Blink         Tloc           Unusable     N/A         8    N/A

Dungeon Overview and Level Annotations

Branches:
Dungeon (15/15)            Temple (1/1) D:4            Lair (6/6) D:10
  Swamp (4/4) Lair:4       Spider (4/4) Lair:3        Slime (0/5) Lair:6
    Orc (2/2) D:12            Elf (3/3) Orc:2        Vaults (5/5) D:14
  Crypt (3/3) Vaults:2       Tomb (3/3) Crypt:3      Depths (0/5) D:15

Altars:
Ashenzari
Cheibriados
Dithmenos
Elyvilon
Fedhas
Gozag
Hepliaklqana
Kikubaaqudgha
Makhleb
Nemelex Xobeh
Okawaru
Qazlal
Ru
Sif Muna
Trog
Uskayaw
Vehumet
Wu Jian
Xom
Yredelemnul
Zin
The Shining One
Beogh
Jiyva
Lugonu

Shops:
D:7 [   D:8 :   Orc:1 *   Orc:2 *[?}   Elf:1 (![?   Vaults:4 (
Tomb:3 ([[=[=:*:


Innate Abilities, Weirdness & Mutations

You cannot be hasted, slowed, berserked, paralysed or teleported.
You can dig through walls and to a lower floor.
Your four strong arms can wield two-handed weapons with a shield.
You have a pair of large antennae on your head. (SInv)
You are partially covered in iridescent scales. (AC +2)
You are partially covered in slimy green scales. (AC +2)
Your skin changes colour to match your surroundings (Stealth+).
Your mind is acute. (Int +2)
Your flesh is cold resistant. (rC+)


Message History

The juggernaut becomes distracted by the nearby gold, dreaming of imaginary riches.
The ettin is no longer distracted by gold.
The juggernaut is no longer distracted by gold.
Casting: Shatter (slightly dangerous; 2% risk of failure)
Confirm with . or Enter, or press ? or * to list all spells.
You feel a surge of power!
Your skin crawls.
The stone giant throws a large rock.
You block the large rock.
You see here a large rock.
The juggernaut hits you!!! You block the juggernaut's attack.
You hear a shout! x3
A fierce wind blows from the fan.
The juggernaut is blown away by the wind.
Unknown command.
You feel much better. The juggernaut hits you!!
You die...
Your body crumbles into a pile of gold.

▓▓▓▓▓▓ .....▓
.....▓ .....▓
.....▓ .....▓
.....▓▓▓▓▓▓▓▓▓▓▓▓▓
(...........(C.C@▓
..........C....C.▓
..........CC.....▓
.................▓
.................▓
.................▓
................∩▓
.................▓
.................▓


You could see 2 juggernauts, a titan, a fire giant, a stone giant and an ettin.

Vanquished Creatures
  5 ancient liches
  Mennas (Vaults:3)
  Khufu (Tomb:2)
  Mara (Vaults:3)
  5 juggernauts
  31 greater mummies
  4 pandemonium lords
  The ghost of Teduw the Impregnable, a veteran MiGl of Hepliaklqana (Crypt:2)
  5 Killer Klowns (Zig:14)
  Bai Suzhen (Crypt:3)
  Saint Roka (Vaults:5)
  Frederick (Tomb:3)
  4 golden dragons
  Jory (Crypt:3)
  A pearl dragon (Zig:9)
  8 bone dragons
  4 profane servitors
  2 Tzitzimimeh
  A Brimstone Fiend (Zig:18)
  4 tentacled monstrosities
  An Ice Fiend (Zig:18)
  A hellephant (Zig:12)
  7 liches
  3 Hell Sentinels (Zig:18)
  A quicksilver dragon (shapeshifter) (Zig:14)
  6 titans
  2 deep elf blademasters (Elf:3)
  3 deep elf master archers
  12 tentacled starspawn
  2 Executioners (Zig:18)
  15 sphinxes
  A storm dragon (shapeshifter) (Zig:14)
  11 acid blobs (Zig:23)
  Kirke (Spider:3)
  Gastronok (D:8)
  7 shadow dragons
  22 ancient champions
  4 storm dragons
  Roxanne (Elf:1)
  3 thorn hunters
  2 warmongers (Zig:18)
  Donald (Vaults:3)
  13 nagarajas
  3 tengu reavers (Vaults:5)
  7 revenants
  3 daevas
  10 fire giants
  9 azure jellies (Zig:23)
  An iron dragon (Vaults:5)
  A ghost moth (shapeshifter) (Zig:14)
  5 deep elf sorcerers
  3 draconian scorchers (Zig:5)
  14 vault wardens
  8 ghost moths
  12 curse skulls
  10 deep elf elementalists
  5 emperor scorpions
  2 orc warlords
  5 balrugs
  6 frost giants
  3 angels (Zig:9)
  2 juggernaut zombies (Zig:21)
  2 draconian shifters
  2 caustic shrike zombies (Zig:21)
  9 ghouls (Crypt:3)
  A draconian stormcaller (Zig:22)
  5 cacodemons
  3 very ugly things
  2 war gargoyles
  3 blood saints (Zig:18)
  18 ironheart preservers
  5 caustic shrike skeletons
  2 ophanim
  4 corrupters
  29 stone giants
  7 vampire knights
  7 entropy weavers
  18 bennus
  2 juggernaut skeletons (Zig:21)
  8 deep elf demonologists
  3 black suns
  A lorocyproca (Zig:18)
  An entropy weaver (shapeshifter) (Vaults:5)
  4 apis (Zig:9)
  8 deep elf annihilators
  5 spark wasps
  A black draconian (Zig:5)
  14 eidola
  25 mummy priests
  4 blizzard demons
  12 ettins
  2 merfolk javelineers (Zig:15)
  15 deep elf death magi
  6 deep elf high priests
  2 ice dragons
  2 quicksilver dragon zombies
  4 fire dragons
  7 great orbs of eyes
  4 green deaths
  3 jiangshi
  Fannar (D:11)
  2 quicksilver dragon skeletons
  29 yaktaur captains
  A crystal guardian (Vaults:4)
  5 rakshasas
  30 hydras
  Harold (D:11)
  5 catoblepae
  28 vault guards
  The ghost of Alannah the Quickloader, a journeyman DsHu of Okawaru (D:12)
  A shambling mangrove (Swamp:4)
  A hell beast (Zig:18)
  6 anacondas
  46 two-headed ogres
  5 naga warriors
  2 ghost crabs
  The ghost of FishyPogo the Tainter, a journeyman DsVM of Makhleb (D:13)
  8 centaur warriors
  The ghost of grus the Cleaver, a novice MiBe of Trog (D:9)
  17 ogre magi
  Erica (D:11)
  12 alligators
  3 satyrs (Zig:15)
  25 death scarabs
  4 hell hogs
  A tengu warrior (D:14)
  A queen ant (Lair:5)
  8 death knights
  9 death yaks
  11 vampire magi
  A deep troll earth mage (Vaults:1)
  6 orc high priests
  3 shock serpents
  6 thrashing horrors
  2 titan zombies
  Sonja (Lair:1)
  10 naga sharpshooters
  2 storm dragon zombies
  15 deep elf knights
  An iron troll (shapeshifter) (Zig:14)
  A sun demon (Zig:22)
  5 hell knights (Vaults:5)
  A fire crab (shapeshifter) (Vaults:5)
  2 iron trolls (Zig:8)
  4 wretched stars
  4 shadow wraiths
  A sixfirhy (Zig:18)
  2 storm dragon skeletons (Crypt:1)
  2 golden dragon zombies
  55 skeletal warriors
  5 unseen horrors
  An anaconda zombie (Crypt:2)
  A quicksilver dragon simulacrum (Crypt:1)
  5 spatial maelstroms
  A spriggan druid (Swamp:3)
  7 deep trolls
  A shadow demon (Zig:18)
  3 cherubim (Zig:9)
  A gelid demonspawn (Zig:18)
  2 sphinx zombies
  10 flayed ghosts
  10 swamp dragons
  2 shadow dragon zombies
  6 glowing orange brains
  2 harpies
  13 deep elf archers
  A swamp dragon (shapeshifter) (Zig:7)
  A lindwurm (Lair:4)
  21 orc knights
  3 wizards
  2 tengu zombies
  2 golden dragon skeletons (Zig:20)
  36 phantasmal warriors
  5 necromancers
  A naga ritualist (Zig:11)
  21 orb spiders
  3 iron dragon zombies
  17 ironbrand convokers
  44 wolf spiders
  A frost giant zombie (Crypt:3)
  11 orc sorcerers
  An orb spider (shapeshifter) (Vaults:4)
  5 oklob plants
  2 mana vipers
  33 ugly things
  3 shadow dragon skeletons
  An anaconda skeleton (Crypt:1)
  66 deep elf magi
  7 shining eyes (Zig:23)
  2 fire giant zombies
  A shining eye (shapeshifter) (Zig:14)
  A stone giant zombie (Crypt:3)
  4 moths of wrath
  3 fauns (Zig:15)
  3 worldbinders
  4 manticores
  Maurice (D:8)
  2 salamanders
  A salamander (shapeshifter) (D:13)
  10 cyclopes
  3 fire giant skeletons (Crypt:1)
  2 iron dragon skeletons (Zig:20)
  5 naga magi
  2 rust devils (Zig:6)
  8 smoke demons
  A dire elephant zombie (Crypt:3)
  16 black mambas
  2 frost giant skeletons (Crypt:1)
  17 vault sentinels
  A shock serpent zombie (Crypt:3)
  8 guardian serpents
  An eye of devastation (Zig:23)
  A black mamba (shapeshifter) (Zig:16)
  An ice statue (IceCv)
  3 apocalypse crabs
  2 stone giant skeletons (Crypt:1)
  3 torpor snails
  2 rime drakes (shapeshifter)
  8 hellions
  15 spiny frogs
  A spiny frog (shapeshifter) (D:9)
  A catoblepas zombie (Lair:5)
  A gargoyle (D:12)
  12 large abominations
  2 rime drakes
  A yaktaur (shapeshifter) (Zig:16)
  A dire elephant skeleton (Crypt:1)
  6 kobold demonologists
  2 death yak zombies
  2 golden dragon simulacra (IceCv)
  An efreet (D:15)
  50 yaktaurs
  5 ancient zymes
  A komodo dragon (shapeshifter) (Vaults:1)
  18 freezing wraiths
  6 komodo dragons
  14 demonic crawlers
  A tengu conjurer (D:14)
  6 ice devils (IceCv)
  9 tormentors
  An alligator snapping turtle skeleton (Crypt:1)
  2 anaconda simulacra (IceCv)
  A death yak skeleton (Lair:6)
  69 guardian mummies
  A hellwing (Zig:22)
  A yellow draconian skeleton (Crypt:1)
  6 hydra zombies
  5 red devils (Zig:21)
  23 hornets
  A queen bee (Lair:3)
  47 jumping spiders
  10 raiju
  A polar bear (Lair:6)
  8 trolls
  A moth of wrath zombie (Crypt:2)
  8 tyrant leeches
  A tengu simulacrum (Zig:22)
  Prince Ribbit (D:8)
  16 bog bodies
  2 blink frogs (shapeshifter)
  23 blink frogs
  9 hippogriffs
  26 slime creatures
  An ettin zombie (Zig:6)
  A fire giant simulacrum (Tomb:2)
  5 hydra skeletons
  3 ice dragon zombies
  2 fire dragon zombies
  7 spriggans
  4 black mamba zombies
  3 ice dragon skeletons (Crypt:1)
  3 ynoxinuls
  50 flying skulls
  3 shadows
  3 air elementals (Elf:2)
  3 water elementals
  2 ettin skeletons (Crypt:1)
  3 wyverns
  12 wraiths
  A redback (shapeshifter) (Vaults:2)
  67 redbacks
  42 tarantellas
  2 dire elephant simulacra (IceCv)
  4 hogs (Spider:3)
  A fire dragon skeleton (Crypt:1)
  2 basilisks
  3 elf zombies (Zig:21)
  70 yaks
  A black mamba skeleton (Lair:2)
  13 ushabtiu
  A golden eye (Zig:23)
  4 neqoxecs
  2 humans (shapeshifter)
  Grum (Lair:1)
  14 vampire mosquitoes
  4 fire elementals
  3 chaos spawn
  5 hungry ghosts
  A basilisk (shapeshifter) (Vaults:3)
  A warg (shapeshifter) (D:9)
  2 harpy simulacra (IceCv)
  5 nagas
  15 swamp worms
  2 iron troll simulacra (IceCv)
  7 wargs
  An acid dragon (D:15)
  5 soldier ants (Lair:5)
  11 insubstantial wisps (Swamp:2)
  4 human zombies
  12 water moccasins
  A monstrous demonspawn zombie (Crypt:2)
  8 hydra simulacra
  2 floating eyes (Zig:23)
  4 hell hounds
  An orb spider zombie (Crypt:2)
  7 porcupines
  Duvessa (D:7)
  15 swamp drakes
  A merfolk skeleton (Crypt:2)
  62 orc warriors
  A black bear (shapeshifter) (Vaults:5)
  20 starcursed masses
  An ice beast (D:15)
  An alligator simulacrum (IceCv)
  A dream sheep zombie (Lair:6)
  An elephant zombie (Lair:1)
  5 eyes of draining
  15 necrophages
  6 phantoms
  38 ogres
  5 sky beasts
  A snapping turtle zombie (Crypt:2)
  3 spiny frog skeletons
  A lindwurm skeleton (Lair:5)
  A manticore zombie (Crypt:1)
  3 black bears
  2 ettin simulacra (IceCv)
  A torpor snail zombie (Lair:1)
  2 snapping turtle skeletons (Crypt:1)
  5 boggarts (Vaults:3)
  19 centaurs
  2 elephant skeletons
  12 wolves
  2 swamp dragon skeletons (Crypt:1)
  10 crocodiles
  A blink frog skeleton (Lair:2)
  10 big kobolds
  A komodo dragon zombie (Lair:5)
  A rime drake skeleton (Lair:6)
  A bullfrog (shapeshifter) (D:9)
  A gnoll sergeant (D:9)
  18 bullfrogs
  3 elf skeletons
  4 earth elementals
  Dowan (D:7)
  7 small abominations
  2 water moccasin zombies
  A yaktaur skeleton (Crypt:1)
  4 komodo dragon skeletons
  7 wyvern skeletons
  6 scorpions
  24 killer bees
  A water moccasin skeleton (Lair:6)
  An elephant simulacrum (IceCv)
  A spriggan zombie (Crypt:1)
  A polar bear skeleton (Crypt:2)
  8 wights
  A wolf zombie (Lair:1)
  5 howler monkeys
  2 electric eels
  11 crimson imps
  A yak skeleton (Crypt:1)
  2 bullfrog zombies
  2 wolf skeletons (Lair:6)
  2 centaur zombies
  A gnoll shaman (D:9)
  A quasit (D:10)
  4 jellies
  Crazy Yiuf (D:7)
  14 hounds
  A yaktaur simulacrum (Vaults:1)
  35 orc priests
  A bullfrog skeleton (Lair:5)
  7 centaur skeletons
  An iron imp (Zig:6)
  11 iguanas
  A porcupine zombie (Lair:1)
  A basilisk skeleton (Crypt:1)
  34 orc wizards
  17 worker ants
  A human skeleton (Crypt:1)
  6 troll simulacra (IceCv)
  A wolf simulacrum (IceCv)
  2 centaur simulacra (IceCv)
  A crocodile zombie (Lair:2)
  9 hound zombies
  A naga zombie (Crypt:1)
  A crocodile skeleton (Lair:5)
  4 hound skeletons
  65 mummies
  2 worker ant zombies
  10 gnolls
  9 adders
  A howler monkey skeleton (D:4)
  4 ogre simulacra (IceCv)
  5 naga simulacra (IceCv)
  3 shadow imps
  6 white imps (IceCv)
  3 ufetubi (IceCv)
  An adder skeleton (D:9)
  A halfling skeleton (Crypt:1)
  An iguana skeleton (Crypt:2)
  A worm (D:2)
  A dart slug (D:4)
  A leopard gecko (shapeshifter) (D:9)
  7 leopard geckos
  115 orcs
  3 giant cockroaches
  15 hobgoblins
  20 jackals
  44 kobolds
  6 quokkas
  3 ball pythons
  A ball python skeleton (Crypt:2)
  6 bats
  3 frilled lizards
  18 goblins
  A jackal zombie (Crypt:2)
  A leopard gecko zombie (Crypt:2)
  A quokka zombie (D:5)
  8 rats
  A spectral orc (D:3)
  2 demonic plants (D:13)
  8 plants
  5 starspawn tentacles
  3 withered plants (Crypt:3)
3186 creatures vanquished.

Vanquished Creatures (collateral kills)
  A porcupine (Lair:2)
  4 killer bees
  A howler monkey (D:8)
6 creatures vanquished.

Vanquished Creatures (others)
  A pandemonium lord (Zig:2)
  30 dancing weapons
  A thrashing horror (Zig:22)
  A spatial maelstrom (Zig:22)
  A smoke demon (Zig:22)
  A spriggan (Swamp:3)
  A warg (Vaults:5)
  A killer bee (Lair:3)
  A worker ant (Lair:5)
  A briar patch (Swamp:4)
  19 fungi
  18 plants
  3 starspawn tentacles (Zig:16)
  A withered plant (Crypt:3)
80 creatures vanquished.

Grand Total: 3272 creatures vanquished

Notes
Turn   | Place    | Note
-------+----------+-------------------------------------------
     0 | D:1      | DildoBatman the Formicid Wizard began the quest for the
                  | Orb.
     0 | D:1      | Reached XP level 1. HP: 13/13 MP: 4/4
    41 | D:1      | Reached skill level 1 in Conjurations
   383 | D:1      | Reached XP level 2. HP: 19/19 MP: 3/6
   717 | D:1      | Reached XP level 3. HP: 24/24 MP: 2/7
   738 | D:1      | Learned a level 3 spell: Conjure Flame
   742 | D:1      | Learned a level 3 spell: Mephitic Cloud
  1653 | D:2      | Reached XP level 4. HP: 30/30 MP: 8/8
  2324 | D:3      | Found an ornate altar of the Wu Jian Council.
  2459 | D:3      | Found a radiant altar of Vehumet.
  2711 | D:3      | Reached XP level 5. HP: 26/35 MP: 0/9
  2857 | D:3      | Found an iron altar of Okawaru.
  2857 | D:3      | Noticed a bullfrog
  2993 | D:3      | Found a basalt altar of Yredelemnul.
  3388 | D:3      | Killed a bullfrog
  3388 | D:3      | Reached XP level 6. HP: 41/41 MP: 6/10
  3873 | D:5      | Entered Level 5 of the Dungeon
  4145 | D:4      | Found a shadowy altar of Dithmenos.
  4148 | D:4      | Found a sacrificial altar of Ru.
  4149 | D:4      | Found an opulent altar of Gozag.
  4149 | D:4      | Found a blossoming altar of Fedhas.
  4152 | D:4      | Found an ancient bone altar of Kikubaaqudgha.
  4160 | D:4      | Became a worshipper of Kikubaaqudgha
  4201 | D:4      | Reached skill level 5 in Stealth
  4328 | D:4      | Reached skill level 5 in Conjurations
  4328 | D:4      | Reached XP level 7. HP: 23/46 MP: 6/11
  4624 | D:4      | Found a staircase to the Ecumenical Temple.
  4630 | Temple   | Entered the Ecumenical Temple
  4966 | D:5      | Found a glowing golden altar of the Shining One.
  5011 | D:5      | Reached skill level 1 in Poison Magic
  5077 | D:5      | Reached skill level 1 in Fire Magic
  5155 | D:5      | Reached * piety under Kikubaaqudgha
  5155 | D:5      | Identified Kikubaaqudgha's Compendium of Darkness
                  | (Kikubaaqudgha gifted it to you on level 5 of the Dungeon)
  5155 | D:5      | Received a gift from Kikubaaqudgha
  5155 | D:5      | Reached skill level 1 in Air Magic
  5163 | D:5      | Learned a level 2 spell: Sublimation of Blood
  5167 | D:5      | Learned a level 3 spell: Vampiric Draining
  5652 | D:5      | Reached XP level 8. HP: 41/52 MP: 12/12
  6343 | D:6      | Found a white marble altar of Elyvilon.
  6358 | D:6      | Reached ** piety under Kikubaaqudgha
  6451 | D:6      | Learned a level 3 spell: Regeneration
  6481 | D:6      | Reached XP level 9. HP: 57/57 MP: 4/15
  6997 | D:7      | Reached skill level 5 in Poison Magic
  7089 | D:7      | Found a deep blue altar of Sif Muna.
  7153 | D:7      | Found a hazy altar of Hepliaklqana.
  7185 | D:7      | Noticed Duvessa
  7185 | D:7      | Noticed Dowan
  7240 | D:7      | Killed Duvessa
  7250 | D:7      | Killed Dowan
  7274 | D:7      | Found Qaedit's Antique Armour Boutique.
  7434 | D:7      | Reached skill level 5 in Fire Magic
  7674 | D:7      | Reached skill level 5 in Air Magic
  7874 | D:7      | Reached *** piety under Kikubaaqudgha
  7874 | D:7      | Identified Kikubaaqudgha's Tome of Black Arts
                  | (Kikubaaqudgha gifted it to you on level 7 of the Dungeon)
  7874 | D:7      | Received a gift from Kikubaaqudgha
  8052 | D:7      | Found a runed translucent door.
  8053 | D:7      | Noticed Crazy Yiuf
  8074 | D:7      | Killed Crazy Yiuf
  8266 | D:8      | Noticed Prince Ribbit
  8290 | D:8      | Killed Prince Ribbit
  8290 | D:8      | Reached skill level 5 in Spellcasting
  8290 | D:8      | Reached skill level 1 in Necromancy
  8290 | D:8      | Reached XP level 10. HP: 63/63 MP: 8/17
  8420 | D:8      | Noticed Maurice
  8676 | D:8      | Noticed Gastronok
  8703 | D:8      | Found a bloodstained altar of Trog.
  8844 | D:9      | Reached skill level 1 in Polearms
  8931 | D:9      | Found a runed translucent gate.
  8931 | D:9      | Noticed a cyan ugly thing
  8932 | D:9      | Noticed a purple ugly thing
  8932 | D:9      | Noticed a red ugly thing
  8933 | D:9      | Found a runed translucent gate.
  8933 | D:9      | Found a runed translucent gate.
  8933 | D:9      | Noticed a cyan ugly thing
  8934 | D:9      | Noticed a cyan ugly thing
  9141 | D:9      | Reached **** piety under Kikubaaqudgha
  9142 | D:9      | Noticed a cyclops
  9168 | D:9      | Killed a cyclops
  9168 | D:9      | Reached skill level 5 in Necromancy
  9413 | D:9      | You fall through a shaft!
  9413 | D:10     | Entered Level 10 of the Dungeon
  9434 | D:10     | Reached XP level 11. HP: 68/68 MP: 11/21
  9493 | D:10     | Reached skill level 5 in Polearms
  9532 | D:10     | Reached ***** piety under Kikubaaqudgha
  9550 | D:10     | Found a staircase to the Lair.
  9742 | D:10     | Noticed a two-headed ogre
  9757 | D:10     | Killed a two-headed ogre
  9774 | D:10     | Learned a level 5 spell: Dispel Undead
  9848 | D:10     | Reached skill level 1 in Shields
  9856 | D:10     | Got a steaming pewter ring
  9858 | D:10     | Identified the ring of Veleloke {rElec Dex+6 SInv Stlth+}
                  | (You found it on level 10 of the Dungeon)
 10525 | D:8      | Killed Maurice
 10600 | D:8      | Found Boebid's Book Boutique.
 10763 | D:11     | Reached skill level 5 in Shields
 10818 | D:11     | Noticed a white ugly thing
 10836 | D:11     | Killed a white ugly thing
 10959 | D:11     | Noticed Harold
 10989 | D:11     | Noticed a manticore
 10993 | D:11     | Reached XP level 12. HP: 74/74 MP: 11/22
 10999 | D:11     | Killed Harold
 11013 | D:11     | Gained mutation: Scrolls take you a little longer to read.
                  | [potion of mutation]
 11013 | D:11     | Gained mutation: You evolve. [potion of mutation]
 11081 | D:11     | Learned a level 5 spell: Borgnjor's Vile Clutch
 11191 | D:11     | Noticed Fannar
 11228 | D:11     | Reached skill level 1 in Earth Magic
 11230 | D:11     | Killed Fannar
 11230 | D:11     | Reached skill level 3 in Earth Magic
 11241 | D:11     | Reached skill level 4 in Earth Magic
 11294 | D:11     | Reached skill level 5 in Earth Magic
 11299 | D:11     | Gained mutation: Your movements are slightly less
                  | encumbered by armour. (ER -2) [evolution]
 11310 | D:11     | Noticed Erica
 11332 | D:11     | Killed Erica
 11364 | D:11     | Noticed an eight-headed hydra
 11475 | D:11     | Killed a seven-headed hydra
 11475 | D:11     | Reached skill level 6 in Earth Magic
 11920 | D:11     | Reached skill level 7 in Earth Magic
 12178 | D:12     | Found a runed translucent door.
 12178 | D:12     | Found a shimmering altar of Xom.
 12178 | D:12     | Noticed Alannah's ghost (journeyman DsHu)
 12178 | D:12     | Noticed a +0 halberd of chaos
 12258 | D:12     | Got an ancient war axe
 12326 | D:12     | Reached skill level 8 in Earth Magic
 12495 | D:12     | Found a staircase to the Orcish Mines.
 12520 | D:12     | Reached ****** piety under Kikubaaqudgha
 12560 | D:11     | Received a gift from Kikubaaqudgha
 12565 | D:11     | Fell from the grace of Kikubaaqudgha
 12702 | D:4      | Became a worshipper of Gozag Ym Sagoz the Greedy
 12781 | D:7      | Bought a fine buckler for 294 gold pieces
 12781 | D:7      | Identified the cursed +1 war axe "Dihuaruy" {chop, rElec}
                  | (You found it on level 12 of the Dungeon)
 12795 | D:7      | Identified the +7 buckler "Effet" {MR+} (You bought it in a
                  | shop on level 7 of the Dungeon)
 13400 | Lair:1   | Entered Level 1 of the Lair of Beasts
 13500 | Lair:1   | Reached skill level 1 in Evocations
 13615 | Lair:1   | Reached skill level 1 in Fighting
 13615 | Lair:1   | Reached skill level 1 in Armour
 13656 | Lair:1   | Noticed Grum
 13674 | Lair:1   | Reached XP level 13. HP: 82/82 MP: 15/23
 13677 | Lair:1   | Reached skill level 9 in Earth Magic
 13683 | Lair:1   | Killed Grum
 13739 | Lair:1   | Noticed Sonja
 13761 | Lair:1   | Killed Sonja
 14346 | Lair:2   | Found an iron altar of Okawaru.
 14976 | Lair:3   | Got a glittering copper amulet
 14978 | Lair:3   | Identified the amulet "Zedac" {RegenMP *Drain rF+ Dex+6}
                  | (You found it on level 3 of the Lair of Beasts)
 15118 | Lair:3   | Noticed an eight-headed hydra
 15128 | Lair:3   | Reached skill level 5 in Evocations
 15134 | Lair:3   | Killed an eight-headed hydra
 15134 | Lair:3   | Reached skill level 5 in Fighting
 15134 | Lair:3   | Reached skill level 5 in Armour
 15297 | Lair:3   | Reached skill level 5 in Dodging
 15361 | Lair:3   | Found a hole to the Spider Nest.
 16391 | Lair:4   | Reached XP level 14. HP: 86/99 MP: 19/24
 16568 | Lair:4   | Found a staircase to the Swamp.
 17236 | Lair:5   | Noticed an entropy weaver
 17236 | Lair:5   | Noticed an entropy weaver
 17242 | Lair:5   | Killed an entropy weaver
 17255 | Lair:5   | Killed an entropy weaver
 17585 | Lair:5   | Got a faintly glowing chain mail
 17845 | Lair:5   | You fall through a shaft!
 17845 | Lair:6   | Entered Level 6 of the Lair of Beasts
 17847 | Lair:6   | Found a bloodstained altar of Trog.
 17863 | Lair:5   | Identified the +12 chain mail of Temperance {-Tele Regen+
                  | Str+3} (You found it on level 5 of the Lair of Beasts)
 17954 | Lair:5   | Gained mutation: Your spells are a little harder to cast,
                  | but a little more powerful. [evolution]
 18228 | Lair:5   | Got a translucent tin ring
 18237 | Lair:5   | Identified the ring "Ref Gyte" {-Tele Int+7 Stlth-} (You
                  | found it on level 5 of the Lair of Beasts)
 19618 | Lair:6   | Reached XP level 15. HP: 80/113 MP: 16/25
 19633 | Lair:6   | Found a viscous altar of Jiyva.
 19678 | Lair:6   | Found a staircase to the Slime Pits.
 19906 | Lair:6   | Was forgiven by Kikubaaqudgha
 20075 | Lair:6   | Reached skill level 10 in Armour
 20095 | Lair:6   | Reached skill level 10 in Fighting
 20151 | Lair:6   | Got a clouded amber ring
 20153 | Lair:6   | Identified the ring of Xom's Amusement {rF+ MR+ Str+3 Dex+3
                  | SInv} (You found it on level 6 of the Lair of Beasts)
 20537 | D:12     | Killed Alannah's ghost
 20716 | D:9      | Found a runed translucent gate.
 20716 | D:9      | Found a runed translucent gate.
 20740 | D:9      | Noticed grus's ghost (novice MiBe)
 20742 | D:9      | Found a runed translucent gate.
 20829 | D:8      | Killed Gastronok
 20925 | Orc:1    | Entered Level 1 of the Orcish Mines
 20946 | Orc:1    | Noticed an orc warlord
 21013 | Orc:1    | Reached skill level 10 in Spellcasting
 21015 | Orc:1    | Killed an orc warlord
 21068 | Orc:1    | Found Letaeco's Assorted Antiques.
 21103 | Orc:1    | Lost mutation: Scrolls take you a little longer to read.
                  | [evolution]
 21106 | Orc:1    | Bought a sapphire potion for 25 gold pieces
 21106 | Orc:1    | Bought a potion of curing for 84 gold pieces
 21106 | Orc:1    | Bought a viscous green potion for 25 gold pieces
 21106 | Orc:1    | Bought a glowing demon trident for 504 gold pieces
 21552 | Orc:1    | Found a roughly hewn altar of Beogh.
 21853 | Orc:1    | Found a roughly hewn altar of Beogh.
 22079 | Orc:2    | Entered Level 2 of the Orcish Mines
 22118 | Orc:2    | Noticed an orc warlord
 22140 | Orc:2    | Killed an orc warlord
 22433 | Orc:2    | Found a staircase to the Elven Halls.
 22465 | Orc:2    | Reached XP level 16. HP: 121/121 MP: 12/32
 22640 | Orc:2    | Found Nuuttim's Gadget Shop.
 22640 | Orc:2    | Found Xujixasch's Magic Scroll Emporium.
 22642 | Orc:2    | Found Elidd's Antique Armour Shop.
 22642 | Orc:2    | Found Namusuk's General Store.
 22650 | Orc:2    | Bought a twisted robe for 222 gold pieces
 22650 | Orc:2    | Bought a faintly glowing ring mail for 351 gold pieces
 22651 | Orc:2    | Bought a scroll of identify for 30 gold pieces
 22653 | Orc:2    | Bought a scroll of identify for 30 gold pieces
 22653 | Orc:2    | Bought a scroll of enchant armour for 112 gold pieces
 22653 | Orc:2    | Bought a scroll of fog for 30 gold pieces
 22653 | Orc:2    | Bought a scroll of fog for 30 gold pieces
 22665 | Orc:2    | Identified the +2 robe "Qaeptaiq" {rPois rF+ Int-4} (You
                  | bought it in a shop on level 2 of the Orcish Mines)
 22676 | Orc:2    | Identified the cursed +1 ring mail "Ziufeum" {MP+9} (You
                  | bought it in a shop on level 2 of the Orcish Mines)
 22864 | D:12     | Learned a level 3 spell: Stone Arrow
 22870 | D:12     | Learned a level 5 spell: Bolt of Draining
 23025 | D:13     | Gained mutation: You are partially covered in iridescent
                  | scales. (AC +2) [evolution]
 23207 | D:13     | Found a corrupted altar of Lugonu.
 23211 | D:13     | Reached skill level 1 in Charms
 23372 | D:13     | Noticed FishyPogo's ghost (journeyman DsVM)
 23523 | D:13     | Found a transporter.
 23535 | D:13     | Found a transporter.
 23740 | D:13     | Killed FishyPogo's ghost
 23777 | D:13     | Got a fine spear
 23784 | D:13     | Identified the +2 spear of Ciacit {pierce, rF+} (You found
                  | it on level 13 of the Dungeon)
 24070 | D:7      | Bought a pair of embroidered gloves for 232 gold pieces
 24070 | D:7      | Bought a shimmering chain mail for 294 gold pieces
 24070 | D:7      | Bought a glowing cloak for 232 gold pieces
 24114 | D:7      | Identified the +4 chain mail of Vepoacza {*Corrode rC+ rN+
                  | SInv} (You bought it in a shop on level 7 of the Dungeon)
 24635 | D:14     | Reached skill level 10 in Earth Magic
 24727 | D:14     | Got a pitted falchion
 24851 | D:14     | Found a gate to the Vaults.
 24956 | D:14     | Noticed a sphinx
 24965 | D:14     | Killed a sphinx
 24965 | D:14     | Reached skill level 10 in Necromancy
 24977 | D:14     | Noticed a frost giant
 25002 | D:14     | Killed a frost giant
 25026 | D:14     | Identified the Handbook of Cankerous Beguiling
 25032 | D:14     | Identified the +7 falchion of a Labyrinth {speed, rPois rC+
                  | Int-2} (You found it on level 14 of the Dungeon)
 25169 | D:15     | Entered Level 15 of the Dungeon
 25233 | D:15     | Found a white marble altar of Elyvilon.
 25240 | D:15     | Noticed a daeva
 25241 | D:15     | Found a runed translucent door.
 25382 | D:15     | Reached XP level 17. HP: 128/128 MP: 32/34
 25597 | D:15     | Reached skill level 5 in Charms
 25847 | D:15     | Reached skill level 11 in Earth Magic
 25872 | D:15     | Found a staircase to the Depths.
 26423 | Swamp:1  | Entered Level 1 of the Swamp
 26634 | Swamp:1  | Learned a level 3 spell: Ozocubu's Armour
 27709 | Swamp:2  | Reached skill level 12 in Earth Magic
 28625 | Swamp:3  | Noticed a thorn hunter
 28634 | Swamp:3  | Killed a thorn hunter
 29118 | Swamp:4  | Entered Level 4 of the Swamp
 29145 | Swamp:4  | Reached XP level 18. HP: 123/134 MP: 26/35
 29381 | Swamp:4  | Found a shimmering altar of Xom.
 30044 | Swamp:4  | Got a decaying rune of Zot
 30235 | Lair:4   | Learned a level 8 spell: Necromutation
 30298 | Spider:1 | Entered Level 1 of the Spider Nest
 30423 | Spider:1 | Reached skill level 1 in Transmutations
 31418 | Spider:2 | Reached skill level 15 in Necromancy
 31761 | Spider:2 | Gained mutation: You are agile. (Dex +2) [evolution]
 31917 | Spider:2 | Reached skill level 5 in Transmutations
 32582 | Spider:3 | Reached XP level 19. HP: 140/140 MP: 34/36
 32910 | Spider:3 | Noticed Kirke
 32975 | Spider:3 | Killed Kirke
 33101 | Spider:3 | Got a smoking chain mail
 33875 | Spider:3 | Identified the +10 chain mail of the Eternal Void {-Cast
                  | Int+4 Slay+5} (You found it on level 3 of the Spider Nest)
 33888 | Spider:4 | Entered Level 4 of the Spider Nest
 34601 | Spider:4 | Reached skill level 10 in Transmutations
 34758 | Spider:4 | Reached XP level 20. HP: 53/147 MP: 25/37
 34783 | Spider:4 | Got a gossamer rune of Zot
 35084 | D:8      | Bought a manual of Conjurations for 1545 gold pieces
 35132 | D:10     | Gained mutation: You have sharp fingernails. [evolution]
 35132 | D:10     | Lost mutation: You evolve. [end of evolution]
 35238 | Vaults:1 | Entered Level 1 of the Vaults
 35309 | Vaults:1 | Lost mutation: You are agile. (Dex +2) [potion of mutation]
 35309 | Vaults:1 | Lost mutation: Your movements are slightly less encumbered
                  | by armour. (ER -2) [potion of mutation]
 35309 | Vaults:1 | Lost mutation: You have sharp fingernails. [potion of
                  | mutation]
 35309 | Vaults:1 | Lost mutation: Your spells are a little harder to cast, but
                  | a little more powerful. [potion of mutation]
 35309 | Vaults:1 | Gained mutation: You evolve. [potion of mutation]
 35309 | Vaults:1 | Gained mutation: You are frail. (-10% HP) [potion of
                  | mutation]
 35309 | Vaults:1 | Gained mutation: Your flesh is cold resistant. (rC+)
                  | [potion of mutation]
 36835 | Vaults:2 | Found a staircase to the Crypt.
 36877 | Vaults:2 | Reached XP level 21. HP: 115/137 MP: 29/38
 37483 | Vaults:2 | You fall through a shaft!
 38037 | Vaults:3 | Found a stormy altar of Qazlal.
 38152 | Vaults:3 | Got a steaming plate armour
 38169 | Vaults:3 | Reached skill level 15 in Transmutations
 38179 | Vaults:3 | Noticed Mennas
 38227 | Vaults:3 | Killed Mennas
 38243 | Vaults:3 | Identified the +8 plate armour "Ceculad" {+Inv Int-5 Dex+4}
                  | (You found it on level 3 of the Vaults)
 38394 | Vaults:3 | Noticed Donald
 38394 | Vaults:3 | Noticed Mara
 38402 | Vaults:3 | Noticed DildoBatman's illusion
 38403 | Vaults:3 | Killed Mara
 38407 | Vaults:3 | Killed Donald
 38421 | Vaults:3 | Reached XP level 22. HP: 79/143 MP: 15/39
 39179 | Vaults:2 | Got a bloodstained arbalest
 39902 | Vaults:4 | Identified the +7 arbalest "Coim" {velocity, *Slow rC+++
                  | Int+4} (You found it on level 2 of the Vaults)
 40293 | Vaults:4 | Reached skill level 10 in Shields
 40350 | Vaults:4 | Found Huyj's Antique Weapon Shop.
 40475 | Vaults:4 | Found a burning altar of Makhleb.
 40852 | Vaults:4 | Reached XP level 23. HP: 148/148 MP: 29/40
 40999 | Vaults:5 | Entered Level 5 of the Vaults
 41230 | Elf:1    | Entered Level 1 of the Elven Halls
 41304 | Elf:1    | Found Inoen's Magic Scroll Boutique.
 41346 | Elf:1    | Bought a scroll of fog for 32 gold pieces
 41346 | Elf:1    | Bought a scroll of identify for 32 gold pieces
 41346 | Elf:1    | Bought a scroll of identify for 32 gold pieces
 41346 | Elf:1    | Bought a scroll of identify for 32 gold pieces
 41346 | Elf:1    | Bought a scroll of amnesia for 56 gold pieces
 41346 | Elf:1    | Bought a scroll of amnesia for 56 gold pieces
 41346 | Elf:1    | Bought 2 scrolls of identify for 64 gold pieces
 41346 | Elf:1    | Bought a scroll of enchant weapon for 120 gold pieces
 41476 | Elf:1    | Found Elosoed's Antique Armour Boutique.
 41515 | Elf:1    | Bought a pair of boots for 130 gold pieces
 41515 | Elf:1    | Bought a fine chain mail for 275 gold pieces
 41526 | Elf:1    | Identified the +8 chain mail of Midnight {rPois MR+ Dex+3}
                  | (You bought it in a shop on level 1 of the Elven Halls)
 41580 | Elf:1    | Found Foebbip's Antique Weapon Boutique.
 41605 | Elf:1    | Bought a crude long sword for 306 gold pieces
 41605 | Elf:1    | Bought a shimmering morningstar for 324 gold pieces
 41662 | Elf:1    | Found a deep blue altar of Sif Muna.
 41693 | Elf:1    | Found Uxockaem's Distillery.
 41696 | Elf:1    | Bought a potion of resistance for 160 gold pieces
 41696 | Elf:1    | Bought a potion of resistance for 160 gold pieces
 41696 | Elf:1    | Bought a potion of brilliance for 64 gold pieces
 41696 | Elf:1    | Bought a potion of curing for 48 gold pieces
 41833 | Elf:1    | Noticed Roxanne
 41853 | Elf:1    | Killed Roxanne
 42217 | Elf:2    | Found a frozen archway.
 42230 | IceCv    | Entered an ice cave
 42820 | IceCv    | Got a pitted hat
 42824 | IceCv    | Got a sparkling jade ring
 43044 | Elf:2    | Identified the ring of Zooret {*Corrode rC+ rN+++} (You
                  | found it in an ice cave)
 43275 | Elf:2    | Found a huge runed translucent gate.
 43275 | Elf:2    | Found a huge runed translucent gate.
 43275 | Elf:2    | Found a huge runed translucent gate.
 43276 | Elf:2    | Found a huge runed translucent gate.
 43277 | Elf:2    | Found a huge runed translucent gate.
 43909 | Elf:2    | Reached skill level 15 in Spellcasting
 44162 | Elf:3    | Entered Level 3 of the Elven Halls
 44313 | Elf:3    | Found a deep blue altar of Sif Muna.
 44523 | Elf:3    | Reached XP level 24. HP: 98/154 MP: 38/42
 44540 | Elf:3    | Reached skill level 15 in Shields
 44631 | Elf:3    | Reached skill level 13 in Earth Magic
 44787 | Elf:3    | Identified the +5 short sword of Saltpetre {venom, +Blink
                  | +Inv rElec Int-5}
 44787 | Elf:3    | Identified the cursed +1 robe "Puinorut" {MR++ rCorr Dex+5}
 44817 | Elf:3    | Identified the +9 morningstar of Weuvejep {freeze, rF+}
                  | (You bought it in a shop on level 1 of the Elven Halls)
 44820 | Elf:3    | Identified the +8 long sword "Hileaw" {slice, rPois Int+4
                  | Dex-4} (You bought it in a shop on level 1 of the Elven
                  | Halls)
 44883 | Elf:3    | Identified Ocenoash's Incunabulum of Igneous Attacks
 45068 | Elf:3    | Reached skill level 14 in Earth Magic
 45418 | Elf:3    | Got an ichor-stained short sword
 45419 | Elf:3    | Identified the +2 short sword "Gabiumall" {holy, MP+9 Dex+2
                  | Stlth+} (You found it on level 3 of the Elven Halls)
 45429 | Elf:3    | Got faintly glowing fire dragon scales
 45440 | Elf:3    | Identified the +2 fire dragon scales "Vaadaump" {rF++ rC-
                  | Str+3 Int-2 SInv} (You found it on level 3 of the Elven
                  | Halls)
 48351 | Swamp:1  | Learned a level 5 spell: Bolt of Magma
 48421 | Swamp:1  | Learned a level 9 spell: Shatter
 48669 | D:9      | Killed grus's ghost
 48935 | Crypt:1  | Entered Level 1 of the Crypt
 49134 | Vaults:1 | Learned a level 5 spell: Aura of Abjuration
 49141 | Vaults:1 | Learned a level 5 spell: Irradiate
 49259 | Vaults:2 | Lost mutation: You are frail. (-10% HP) [evolution]
 49909 | Crypt:1  | Reached skill level 15 in Earth Magic
 50024 | Crypt:1  | Reached skill level 5 in Summonings
 50448 | Crypt:2  | Reached skill level 16 in Earth Magic
 50588 | Crypt:2  | Reached XP level 25. HP: 83/177 MP: 10/42
 50750 | Crypt:2  | Found a runed translucent gate.
 50912 | Crypt:2  | Got a polished war axe
 50975 | Crypt:2  | Found a runed translucent gate.
 50976 | Crypt:2  | Found a runed translucent gate.
 50977 | Crypt:2  | Noticed Teduw's ghost (veteran MiGl)
 50985 | Crypt:2  | Killed Teduw's ghost
 51290 | Crypt:3  | Entered Level 3 of the Crypt
 51310 | Crypt:3  | Reached skill level 17 in Earth Magic
 51356 | Crypt:3  | Got a heavily runed iron ring
 51356 | Crypt:3  | Got a glittering lead ring
 51358 | Crypt:3  | Identified the cursed +1 war axe "Domiumne" {freeze, MR+}
                  | (You found it on level 2 of the Crypt)
 51363 | Crypt:3  | Got a wavering tin ring
 51365 | Crypt:3  | Identified the ring "Zorchu Reca" {rN+ Slay+3} (You found
                  | it on level 3 of the Crypt)
 51370 | Crypt:3  | Identified the ring of Jyontoam {rElec rF+ rC+ rN+} (You
                  | found it on level 3 of the Crypt)
 51374 | Crypt:3  | Identified the ring "Gionudip" {rF+ rN+ Int-2 Slay+5
                  | Stlth+} (You found it on level 3 of the Crypt)
 51388 | Crypt:3  | Got a warped leather armour
 51399 | Crypt:3  | Identified the +1 leather armour of Lyom {*Drain rN+ Int+3
                  | Stlth+} (You found it on level 3 of the Crypt)
 51886 | Crypt:3  | Reached skill level 18 in Earth Magic
 51967 | Crypt:3  | Got an ancient whip
 51969 | Crypt:3  | Identified the +8 whip of Taufecs {elec, +Inv rF+ rC++ MR-}
                  | (You found it on level 3 of the Crypt)
 51975 | Crypt:3  | Identified Kikubaaqudgha's Guide on Darkness
 52277 | Crypt:3  | Reached skill level 19 in Earth Magic
 52292 | Crypt:3  | Found a basalt altar of Yredelemnul.
 52393 | Crypt:3  | Gained mutation: You are frail. (-10% HP) [evolution]
 52446 | Crypt:3  | Noticed Bai Suzhen
 52466 | Crypt:3  | Killed Bai Suzhen
 52474 | Crypt:3  | Noticed Jory
 52497 | Crypt:3  | Killed Jory
 52961 | Crypt:3  | Found a staircase to the Tomb.
 53177 | Crypt:3  | Reached skill level 20 in Earth Magic
 53347 | Tomb:1   | Entered Level 1 of the Tomb of the Ancients
 53550 | Tomb:1   | Reached XP level 26. HP: 55/164 MP: 7/42
 53662 | Tomb:1   | Noticed a greater mummy
 53670 | Tomb:1   | Killed a greater mummy
 53714 | Tomb:1   | Reached skill level 21 in Earth Magic
 53777 | Tomb:1   | Noticed a greater mummy
 53790 | Tomb:1   | Killed a greater mummy
 54392 | Tomb:1   | Got a jewelled plate armour
 54551 | Tomb:1   | Identified the +3 plate armour of Abreryuz {*Slow rN+ MP+9
                  | Str+8} (You found it on level 1 of the Tomb of the
                  | Ancients)
 54610 | Tomb:1   | Noticed a greater mummy
 54624 | Tomb:1   | Noticed a greater mummy
 54634 | Tomb:1   | Killed a greater mummy
 54643 | Tomb:1   | Killed a greater mummy
 54643 | Tomb:1   | Reached skill level 22 in Earth Magic
 54671 | Tomb:1   | Noticed a greater mummy
 54681 | Tomb:1   | Killed a greater mummy
 54682 | Tomb:1   | Noticed a greater mummy
 54690 | Tomb:1   | Killed a greater mummy
 54691 | Tomb:1   | Noticed a greater mummy
 54699 | Tomb:1   | Killed a greater mummy
 54699 | Tomb:1   | Noticed a greater mummy
 54711 | Tomb:1   | Killed a greater mummy
 54799 | Tomb:1   | Noticed a greater mummy
 54809 | Tomb:1   | Killed a greater mummy
 54917 | Tomb:1   | Noticed a greater mummy
 54922 | Tomb:1   | Noticed a greater mummy
 54925 | Tomb:1   | Noticed a greater mummy
 54935 | Tomb:1   | Killed a greater mummy
 54935 | Tomb:1   | Reached skill level 23 in Earth Magic
 54935 | Tomb:1   | Killed a greater mummy
 54939 | Tomb:1   | Killed a greater mummy
 55505 | Vaults:5 | Reached skill level 24 in Earth Magic
 55505 | Vaults:5 | Reached XP level 27. HP: 104/170 MP: 19/42
 56033 | Vaults:5 | Reached skill level 25 in Earth Magic
 56034 | Vaults:5 | Identified the +4 trident of Division {freeze, rElec Str+3
                  | SInv}
 56034 | Vaults:5 | Identified the ring of Faicuq {-Tele rN+ AC+1 Str+2}
 56238 | Vaults:5 | Identified the ring of Puxe Qups {rElec rF+++ Str+4 Dex-4
                  | Stlth+}
 56242 | Vaults:5 | Noticed Saint Roka
 56333 | Vaults:5 | Killed Saint Roka
 56606 | Vaults:5 | Reached skill level 10 in Conjurations
 56759 | Vaults:5 | Identified the +5 morningstar "Qeoradix" {holy, Str+4}
 56867 | Vaults:5 | Got a silver rune of Zot
 56927 | Vaults:5 | Identified the cursed +2 quarterstaff "Apy Fea" {chaos,
                  | rPois}
 57289 | Vaults:5 | Identified the Almanac of Unstable Poison
 57444 | Vaults:5 | Gained mutation: You are covered in fur. (AC +1)
                  | [evolution]
 57451 | Vaults:5 | Got an ichor-stained crystal plate armour
 57462 | Vaults:5 | Identified the +15 crystal plate armour of Supple Strength
                  | {rCorr Slay-6 SInv} (You found it on level 5 of the Vaults)
 57487 | Vaults:5 | Got a jewelled chain mail
 57498 | Vaults:5 | Identified the +7 chain mail of the Monkey {*Contam rN++
                  | Regen+ SInv} (You found it on level 5 of the Vaults)
 58121 | Vaults:5 | Learned a level 6 spell: Darkness
 58260 | Vaults:5 | Got an encrusted leather armour
 58271 | Vaults:5 | Identified the +1 leather armour of Fygiacap {rCorr Int+2}
                  | (You found it on level 5 of the Vaults)
 58861 | Tomb:2   | Noticed Khufu
 58861 | Tomb:2   | Noticed a greater mummy
 58863 | Tomb:2   | Reached skill level 1 in Hexes
 58864 | Tomb:2   | Noticed a greater mummy
 58864 | Tomb:2   | Noticed a greater mummy
 58865 | Tomb:2   | Killed Khufu
 58865 | Tomb:2   | Noticed a greater mummy
 58865 | Tomb:2   | Noticed a greater mummy
 58866 | Tomb:2   | Killed a greater mummy
 58866 | Tomb:2   | Noticed a greater mummy
 58867 | Tomb:2   | Killed a greater mummy
 58869 | Tomb:2   | Killed a greater mummy
 58869 | Tomb:2   | Killed a greater mummy
 58869 | Tomb:2   | Killed a greater mummy
 58869 | Tomb:2   | Reached skill level 5 in Hexes
 58877 | Tomb:2   | Killed a greater mummy
 60001 | Tomb:3   | Entered Level 3 of the Tomb of the Ancients
 60024 | Tomb:3   | Found the ring of the Octopus King
 60026 | Tomb:3   | Found the +4 skin of Zhor {Hibernate rC+++ SInv}
 60040 | Tomb:2   | Reached skill level 15 in Armour
 60203 | Tomb:3   | Noticed Frederick
 60206 | Tomb:3   | Noticed a greater mummy
 60209 | Tomb:3   | Noticed an ancient lich
 60213 | Tomb:3   | Noticed a greater mummy
 60214 | Tomb:3   | Noticed a greater mummy
 60218 | Tomb:3   | Noticed an ancient lich
 60219 | Tomb:3   | Noticed an ancient lich
 60220 | Tomb:3   | Killed a greater mummy
 60220 | Tomb:3   | Killed Frederick
 60220 | Tomb:3   | Reached skill level 15 in Conjurations
 60220 | Tomb:3   | Noticed a greater mummy
 60222 | Tomb:3   | Killed an ancient lich
 60228 | Tomb:3   | Noticed a greater mummy
 60231 | Tomb:3   | Noticed a greater mummy
 60234 | Tomb:3   | Killed an ancient lich
 60234 | Tomb:3   | Killed an ancient lich
 60236 | Tomb:3   | Killed a greater mummy
 60236 | Tomb:3   | Killed a greater mummy
 60236 | Tomb:3   | Killed a greater mummy
 60237 | Tomb:3   | Killed a greater mummy
 60237 | Tomb:3   | Killed a greater mummy
 60616 | Tomb:3   | Got a golden rune of Zot
 60695 | Tomb:3   | Got an encrusted hunting sling
 60696 | Tomb:3   | Identified the +9 hunting sling of Itzurr {venom, SInv}
                  | (You found it on level 3 of the Tomb of the Ancients)
 60708 | Tomb:3   | Got a translucent ring mail
 60719 | Tomb:3   | Identified the cursed +1 ring mail of Claustrophobia {rN+
                  | Str+7} (You found it on level 3 of the Tomb of the
                  | Ancients)
 60783 | Tomb:3   | Got a ring of the Octopus King
 60794 | Tomb:3   | Got a clouded marble ring
 60907 | Tomb:3   | Got a fine shortbow
 60913 | Tomb:3   | Got an iridescent hand axe
 60938 | Tomb:3   | Learned a level 6 spell: Deflect Missiles
 60948 | Tomb:3   | Identified the cursed +0 shortbow "Zoisoh" {flame, rF++
                  | Dex-5} (You found it on level 3 of the Tomb of the
                  | Ancients)
 60958 | Tomb:3   | Identified the +4 hand axe of Deformation {chop, *Contam
                  | rF+ Int+6} (You found it on level 3 of the Tomb of the
                  | Ancients)
 61053 | Tomb:3   | Identified a ring of the Octopus King {AC+1 EV+1 Str+1
                  | Int+1 Dex+1 SInv} (You found it on level 3 of the Tomb of
                  | the Ancients)
 61061 | Tomb:3   | Identified the ring of Sueles {rPois rC+} (You found it on
                  | level 3 of the Tomb of the Ancients)
 61130 | Tomb:3   | Bought a faintly glowing halberd for 432 gold pieces
 61130 | Tomb:3   | Bought a jewelled glaive for 552 gold pieces
 61131 | Tomb:3   | Identified the +5 halberd "Xeir" {antimagic, Str+2} (You
                  | bought it in a shop on level 3 of the Tomb of the Ancients)
 61134 | Tomb:3   | Identified the +2 glaive "Foguw" {venom, rPois} (You bought
                  | it in a shop on level 3 of the Tomb of the Ancients)
 61138 | Tomb:3   | Bought a scroll labeled NIPOLUTR KUCKIX for 47 gold pieces
 61138 | Tomb:3   | Bought a twisted robe for 267 gold pieces
 61155 | Tomb:3   | Identified the cursed +0 robe of the Oligarchy {rN+ MR++}
                  | (You bought it in a shop on level 3 of the Tomb of the
                  | Ancients)
 61197 | Tomb:3   | Bought a book of the Tempests for 1260 gold pieces
 61208 | Tomb:3   | Bought a book of Annihilations for 2097 gold pieces
 61222 | Tomb:3   | Learned a level 9 spell: Glaciate
 61244 | Zig:1    | Entered Level 1 of a ziggurat
 61279 | Zig:2    | Entered Level 2 of a ziggurat
 61280 | Zig:2    | Noticed Ivvotuar the pandemonium lord
 61289 | Zig:2    | Killed Ivvotuar the pandemonium lord
 61319 | Zig:3    | Entered Level 3 of a ziggurat
 61320 | Zig:3    | Noticed Vichy the pandemonium lord
 61327 | Zig:3    | Killed Vichy the pandemonium lord
 61334 | Zig:3    | Learned a level 3 spell: Regeneration
 61453 | Zig:4    | Entered Level 4 of a ziggurat
 61457 | Zig:4    | Found the cursed +13 scythe of Curses {drain, *Curse}
 61477 | Zig:4    | Got a twisted arbalest
 61478 | Zig:4    | Identified the cursed +3 arbalest "ETAOIN SHRDLU"
                  | {velocity, rElec} (You found it on level 4 of a ziggurat)
 61541 | Zig:5    | Entered Level 5 of a ziggurat
 61546 | Zig:5    | Found the +3 warlock's mirror {reflect}
 61617 | Zig:6    | Entered Level 6 of a ziggurat
 61688 | Zig:6    | Got a shimmering war axe
 61695 | Zig:6    | Identified the +5 war axe of Glory {freeze, rF+} (You found
                  | it on level 6 of a ziggurat)
 61718 | Zig:7    | Entered Level 7 of a ziggurat
 61762 | Zig:7    | Reached skill level 10 in Charms
 61777 | Zig:7    | Identified the Incunabulum of Torrid Augmentations
 61834 | Zig:8    | Entered Level 8 of a ziggurat
 61843 | Zig:8    | Noticed a juggernaut
 61844 | Zig:8    | Found the +5 demon whip "Spellbinder" {antimagic, MR+}
 61850 | Zig:8    | Killed a juggernaut
 61893 | Zig:8    | Identified the Collected Works on Noxious Translocation
 61905 | Zig:8    | Identified the Grimoire of Hurtful Darkness
 61940 | Zig:9    | Entered Level 9 of a ziggurat
 62111 | Zig:10   | Entered Level 10 of a ziggurat
 62183 | Zig:10   | Identified the Grimoire of the Creative Voyage
 62212 | Zig:11   | Entered Level 11 of a ziggurat
 62337 | Zig:11   | Got an encrusted long sword
 62343 | Zig:11   | Identified the +8 long sword of Huiguc {vamp, Int+2} (You
                  | found it on level 11 of a ziggurat)
 62365 | Zig:12   | Entered Level 12 of a ziggurat
 62381 | Zig:12   | Reached skill level 10 in Air Magic
 62529 | Zig:13   | Entered Level 13 of a ziggurat
 62541 | Zig:13   | Reached skill level 1 in Crossbows
 62543 | Zig:13   | Noticed an ancient lich
 62550 | Zig:13   | Noticed an ancient lich
 62551 | Zig:13   | Reached skill level 5 in Crossbows
 62553 | Zig:13   | Killed an ancient lich
 62553 | Zig:13   | Killed an ancient lich
 62553 | Zig:13   | Reached skill level 10 in Crossbows
 62612 | Zig:13   | Got a heavily runed ruby amulet
 62655 | Zig:13   | Identified the amulet "Sareju" {Gourm Dex+4 SInv} (You
                  | found it on level 13 of a ziggurat)
 62680 | Zig:14   | Entered Level 14 of a ziggurat
 62689 | Zig:14   | Noticed Qiont the pandemonium lord
 62726 | Zig:14   | Noticed a Killer Klown
 62728 | Zig:14   | Noticed a Killer Klown
 62756 | Zig:14   | Noticed a Killer Klown
 62757 | Zig:14   | Noticed a Killer Klown
 62758 | Zig:14   | Killed a Killer Klown
 62760 | Zig:14   | Noticed Veeroriorph the pandemonium lord
 62765 | Zig:14   | Killed Qiont the pandemonium lord
 62776 | Zig:14   | Noticed a Killer Klown
 62777 | Zig:14   | Killed a Killer Klown
 62777 | Zig:14   | Killed a Killer Klown
 62778 | Zig:14   | Killed Veeroriorph the pandemonium lord
 62780 | Zig:14   | Killed a Killer Klown
 62795 | Zig:14   | Killed a Killer Klown
 62864 | Zig:14   | Got a steaming golden ring
 62872 | Zig:14   | Gained mutation: Your flesh is very cold resistant. (rC++)
                  | [evolution]
 62872 | Zig:14   | Lost mutation: You evolve. [end of evolution]
 62906 | Zig:14   | Got a shimmering flail
 62907 | Zig:14   | Identified the +6 flail "Bokigg" {freeze, rElec Dex+4
                  | Stlth+} (You found it on level 14 of a ziggurat)
 62914 | Zig:14   | Lost mutation: You are frail. (-10% HP) [potion of
                  | mutation]
 62914 | Zig:14   | Lost mutation: You are covered in fur. (AC +1) [potion of
                  | mutation]
 62914 | Zig:14   | Lost mutation: Your flesh is very cold resistant. (rC++)
                  | [potion of mutation]
 62914 | Zig:14   | Gained mutation: You are partially covered in slimy green
                  | scales. (AC +2) [potion of mutation]
 62914 | Zig:14   | Gained mutation: Your mind is acute. (Int +2) [potion of
                  | mutation]
 62914 | Zig:14   | Gained mutation: Your skin changes colour to match your
                  | surroundings (Stealth+). [potion of mutation]
 62920 | Zig:14   | Identified the ring "Voreifun" {rPois MR+} (You found it on
                  | level 14 of a ziggurat)
 62941 | Zig:15   | Entered Level 15 of a ziggurat
 62991 | Zig:15   | Found the +3 pair of gauntlets of War {Slay+5}
 63049 | Zig:15   | Identified the Handbook of Ensnaring Dislocation
 63094 | Zig:15   | Got a warped quarterstaff
 63095 | Zig:15   | Identified the +4 quarterstaff of Nightmares {drain, rPois}
                  | (You found it on level 15 of a ziggurat)
 63108 | Zig:16   | Entered Level 16 of a ziggurat
 63228 | Zig:16   | Got a crude ruby amulet
 63263 | Zig:16   | Got a fine shortbow
 63268 | Zig:16   | Got a transparent hand axe
 63274 | Zig:16   | Identified the +9 shortbow "Icoh" {flame, rF- rN+ Str+3
                  | Int+3} (You found it on level 16 of a ziggurat)
 63276 | Zig:16   | Identified the +9 hand axe of the Gloaming {chop, MP+9}
                  | (You found it on level 16 of a ziggurat)
 63306 | Zig:16   | Identified the amulet "Migajan" {Acrobat rN+ Stlth+} (You
                  | found it on level 16 of a ziggurat)
 63313 | Zig:17   | Entered Level 17 of a ziggurat
 63407 | Zig:17   | Found the +7 longbow "Piercer" {penet, EV-2}
 63427 | Zig:17   | Identified Vehumet's Papyrus of Blows and Bruises
 63519 | Zig:18   | Entered Level 18 of a ziggurat
 63536 | Zig:18   | Reached skill level 1 in Throwing
 63567 | Zig:18   | Reached skill level 5 in Throwing
 63581 | Zig:18   | Noticed Weaddo the pandemonium lord
 63592 | Zig:18   | Killed Weaddo the pandemonium lord
 63596 | Zig:18   | Reached skill level 10 in Throwing
 63714 | Zig:18   | Found the +5 robe of Misfortune {*Contam Harm *Corrode
                  | *Drain *Slow EV+5}
 63722 | Zig:18   | Identified the Papyrus of Clay and Ice
 63727 | Zig:18   | Identified the Reference Book on Dislocated Feathers
 63739 | Zig:18   | Identified Ijin's Guide on Dusty Calling
 63783 | Zig:19   | Entered Level 19 of a ziggurat
 64001 | Zig:19   | Found the +2 hat of the Bear Spirit {Spirit, +Rage rN+
                  | MR++}
 64059 | Zig:19   | Got a warped trident
 64072 | Zig:19   | Identified the +2 trident "Taarasaegh" {pierce, +Inv rElec}
                  | (You found it on level 19 of a ziggurat)
 64101 | Zig:19   | Reached skill level 15 in Air Magic
 64122 | Zig:20   | Entered Level 20 of a ziggurat
 64136 | Zig:20   | Noticed a greater mummy
 64139 | Zig:20   | Noticed a greater mummy
 64166 | Zig:20   | Killed a greater mummy
 64169 | Zig:20   | Killed a greater mummy
 64182 | Zig:20   | Noticed a greater mummy
 64188 | Zig:20   | Noticed a greater mummy
 64189 | Zig:20   | Killed a greater mummy
 64196 | Zig:20   | Noticed a greater mummy
 64204 | Zig:20   | Killed a greater mummy
 64215 | Zig:20   | Killed a greater mummy
 64218 | Zig:20   | Noticed a greater mummy
 64233 | Zig:20   | Killed a greater mummy
 64235 | Zig:20   | Noticed a greater mummy
 64251 | Zig:20   | Killed a greater mummy
 64351 | Zig:20   | Found the +8 Wrath of Trog {antimagic, *Rage}
 64373 | Zig:20   | Identified the Incunabulum of Doomed Flight
 64423 | Zig:20   | Got an ichor-stained hand axe
 64426 | Zig:20   | Got an ebony mace
 64427 | Zig:20   | Identified the cursed +2 hand axe "Zisiofae" {flame, rF+
                  | Dex+4} (You found it on level 20 of a ziggurat)
 64430 | Zig:20   | Identified the +7 mace of Infinite Pain {vamp, rPois Str+6
                  | Int-2} (You found it on level 20 of a ziggurat)
 64452 | Zig:21   | Entered Level 21 of a ziggurat
 64479 | Zig:21   | Found the brooch of Shielding {Reflect SH+8}
 64479 | Zig:21   | Found the +0 mask of the Dragon {MR+ Slay+3 SInv}
 64514 | Zig:21   | Found the +6 lightning scales {run, rElec}
 64533 | Zig:21   | Got a smoking glass ring
 64537 | Zig:21   | Got a translucent bronze ring
 64608 | Zig:21   | Got a heavily runed bone ring
 64676 | Zig:21   | Identified the ring of the Hells {MP+9 Dex+5} (You found it
                  | on level 21 of a ziggurat)
 64678 | Zig:21   | Identified the ring "Zuciemne" {Wiz rPois} (You found it on
                  | level 21 of a ziggurat)
 64680 | Zig:21   | Identified the ring of Divine Intervention {rC+ rN+ Str+4}
                  | (You found it on level 21 of a ziggurat)
 64694 | Zig:22   | Entered Level 22 of a ziggurat
 64869 | Zig:22   | Found the +8 whip "Snakebite" {curare, rPois}
 64934 | Zig:22   | Identified Sif Muna's Reference Book on Hurtful Execration
 65006 | Zig:22   | Got a dazzling cloak
 65018 | Zig:22   | Identified the -6 cloak of Dogmatism {+Blink rF+ MR++
                  | Dex-3} (You found it on level 22 of a ziggurat)
 65055 | Zig:22   | Got a thick robe
 65067 | Zig:22   | Identified the +1 robe "Qoutar" {rN+ MR++ MP-9 Dex+4} (You
                  | found it on level 22 of a ziggurat)
 65079 | Zig:22   | Found the +0 pair of fencer's gloves {Riposte Dex+3}
 65093 | Zig:22   | Got an emerald-encrusted scale mail
 65104 | Zig:22   | Identified the +1 scale mail "Ralaac" {rC+ MR++ Stlth+}
                  | (You found it on level 22 of a ziggurat)
 65133 | Zig:22   | Got a pair of smoking boots
 65145 | Zig:22   | Identified the +0 pair of boots of Cocytus {+Fly rElec rC+
                  | rN+} (You acquired it on level 22 of a ziggurat)
 65175 | Zig:22   | Learned a level 8 spell: Chain Lightning
 65186 | Zig:22   | Learned a level 9 spell: Tornado
 65194 | Zig:23   | Entered Level 23 of a ziggurat
 65268 | Zig:23   | Got a translucent bronze amulet
 65439 | Zig:23   | Got a creamy pearl robe
 65441 | Zig:23   | Got a brightly glowing battleaxe
 65455 | Zig:23   | Got an ancient flail
 65464 | Zig:23   | Identified the +7 battleaxe of Lesadom {flame, +Rage rElec
                  | rC+} (You found it on level 23 of a ziggurat)
 65466 | Zig:23   | Identified the +0 flail "Domewi" {holy, rPois} (You found
                  | it on level 23 of a ziggurat)
 65478 | Zig:23   | Identified the +2 robe of Follow the Leader {rElec rF+
                  | SInv} (You found it on level 23 of a ziggurat)
 65509 | Zig:23   | Identified the amulet "Dihituf" {Faith Stlth+} (You found
                  | it on level 23 of a ziggurat)
 65525 | Zig:24   | Entered Level 24 of a ziggurat
 65543 | Zig:24   | Noticed a juggernaut
 65545 | Zig:24   | Noticed a juggernaut
 65546 | Zig:24   | Killed a juggernaut
 65547 | Zig:24   | Noticed a juggernaut
 65548 | Zig:24   | Noticed a juggernaut
 65553 | Zig:24   | Killed a juggernaut
 65553 | Zig:24   | Killed a juggernaut
 65553 | Zig:24   | Killed a juggernaut
 65555 | Zig:24   | Noticed a juggernaut
 65555 | Zig:24   | Noticed a juggernaut
 65555 | Zig:24   | Noticed a juggernaut
 65583 | Zig:24   | HP: 5/190 [juggernaut (51)]
 65585 | Zig:24   | Mangled by a juggernaut

Skill      XL: |  1  2  3  4  5  6  7  8  9 10 11 12 13 14 15 16 17 18 19 20 21 22 23 24 25 26 27 |
---------------+----------------------------------------------------------------------------------+-----
Conjurations   | 1 2 3 4 5 6 7 9 16 | 16.7
Stealth        | 3 4 5 6 |  6.0
Poison Magic   | 2 4 6 |  6.0
Fire Magic     | 1 3 5 |  5.0
Air Magic      | 1 2 5 20 | 20.4
Spellcasting   | 4 5 7 12 13 15 21 | 21.1
Necromancy     | 1 5 9 10 12 15 16 18 19 | 19.0
Polearms       | 4 5 |  5.0
Shields        | 6 9 11 14 15 | 15.0
Earth Magic    | 8 9 10 12 16 20 24 25 | 25.0
Dodging        | 2 5 7 |  7.0
Evocations     | 1 6 |  6.0
Fighting       | 1 5 9 10 | 10.0
Armour         | 1 6 9 10 17 | 17.0
Charms         | 4 6 13 | 13.9
Transmutations | 5 10 13 16 19 | 19.0
Summonings     | 6 |  6.0
Hexes          | 8 |  8.0
Crossbows      | 12 | 12.2
Throwing       | 14 | 14.0
Translocations | |  0.8

Action                   |  1- 3 |  4- 6 |  7- 9 | 10-12 | 13-15 | 16-18 | 19-21 | 22-24 | 25-27 || total
-------------------------+-------+-------+-------+-------+-------+-------+-------+-------+-------++-------
Melee: Whip              |    23 |       |       |       |       |       |       |       |       ||    23
       Short sword       |    18 |    68 |       |       |       |       |       |       |       ||    86
       Quarterstaff      |       |    29 |   385 |       |       |       |       |       |       ||   414
       Spear             |       |       |    11 |       |       |       |       |       |       ||    11
       Trident           |       |       |    81 |   624 |  1139 |       |       |       |       ||  1844
       Mace              |       |       |    11 |    93 |       |       |       |       |       ||   104
       Scimitar          |       |       |       |     2 |     2 |       |       |       |       ||     4
       Demon trident     |       |       |       |       |   133 |   994 |   711 |   857 |  1100 ||  3795
       Trishula          |       |       |       |       |       |       |       |    11 |       ||    11
 Fire: Arbalest          |       |       |       |       |       |       |       |       |    59 ||    59
 Cast: Magic Dart        |    69 |    84 |    68 |    34 |     1 |       |       |       |       ||   256
       Mephitic Cloud    |       |     4 |    30 |    59 |   102 |    53 |    37 |     6 |       ||   291
       Conjure Flame     |       |     1 |    24 |    35 |    52 |    13 |     6 |     3 |     6 ||   140
       Regeneration      |       |       |       |    15 |    37 |    40 |    30 |    50 |   113 ||   285
       Vampiric Draining |       |       |       |     4 |     7 |     1 |       |       |       ||    12
       Dispel Undead     |       |       |       |     1 |     4 |     8 |    13 |    40 |    83 ||   149
       Borgnjor's Vile C |       |       |       |    10 |    58 |   149 |   193 |   300 |   296 ||  1006
       Sublimation of Bl |       |       |       |     3 |     8 |     8 |     9 |    21 |    52 ||   101
       Bolt of Draining  |       |       |       |       |       |     3 |     7 |    21 |       ||    31
       Stone Arrow       |       |       |       |       |       |     3 |       |       |       ||     3
       Ozocubu's Armour  |       |       |       |       |       |       |       |     9 |    35 ||    44
       Necromutation     |       |       |       |       |       |       |       |     4 |    57 ||    61
       Bolt of Magma     |       |       |       |       |       |       |       |     4 |     8 ||    12
       Aura of Abjuratio |       |       |       |       |       |       |       |     2 |    12 ||    14
       Irradiate         |       |       |       |       |       |       |       |       |     1 ||     1
       Shatter           |       |       |       |       |       |       |       |       |   130 ||   130
       Deflect Missiles  |       |       |       |       |       |       |       |       |     4 ||     4
       Tornado           |       |       |       |       |       |       |       |       |     2 ||     2
Invok: Receive Necronomi |       |       |       |     1 |       |       |       |       |       ||     1
       Renounce Religion |       |       |       |     1 |       |       |       |       |       ||     1
       Potion Petition   |       |       |       |       |       |     1 |       |       |    21 ||    22
       Call Merchant     |       |       |       |       |       |       |       |       |     9 ||     9
 Abil: Dig               |       |     3 |     7 |    22 |    37 |     8 |     8 |     9 |     2 ||    96
       End Transformatio |       |       |       |       |       |       |       |     2 |    46 ||    48
Evoke: Lamp of fire      |       |       |       |       |       |       |       |     1 |     8 ||     9
       Wand              |       |       |       |       |       |       |       |       |     8 ||     8
       Lightning rod     |       |       |       |       |       |       |       |       |     8 ||     8
       Fan of gales      |       |       |       |       |       |       |       |       |     5 ||     5
       Phial of floods   |       |       |       |       |       |       |       |       |     2 ||     2
       Figurine of a zig |       |       |       |       |       |       |       |       |     1 ||     1
  Use: Scroll            |       |     3 |     6 |     1 |    14 |    12 |     3 |    17 |    42 ||    98
       Potion            |       |       |       |     2 |       |     1 |     1 |       |    17 ||    21
 Stab: Sleeping          |     5 |     2 |    15 |     8 |       |       |       |     1 |     1 ||    32
       Confused          |       |     1 |    17 |    39 |   101 |    45 |    25 |     1 |       ||   229
       Distracted        |       |       |       |     1 |     9 |    10 |     6 |    12 |    20 ||    58
       Petrified         |       |       |       |       |     5 |     2 |       |       |       ||     7
       Held in net/web   |       |       |       |       |       |       |     2 |       |       ||     2
       Invisible         |       |       |       |       |       |       |       |       |     3 ||     3
  Eat: Chunk             |     2 |     9 |    15 |    24 |       |       |       |       |       ||    50
       Ration            |       |       |     1 |     3 |    14 |    11 |     7 |    14 |    22 ||    72
Armor: Robe              |    18 |    88 |   108 |       |       |       |       |       |   232 ||   446
       Ring mail         |       |       |    41 |   195 |   113 |    31 |       |       |       ||   380
       Chain mail        |       |       |       |       |   155 |   465 |   367 |   215 |       ||  1202
       Leather armour    |       |       |       |       |       |       |       |   120 |   212 ||   332
Dodge: Dodged            |    32 |   172 |   306 |   261 |   346 |   449 |   306 |   309 |   510 ||  2691
       Deflected         |       |       |       |       |       |       |       |       |    35 ||    35
Block: Shield            |       |       |       |    39 |       |       |       |       |       ||    39
       Buckler           |       |       |       |    26 |   618 |   678 |   538 |   370 |       ||  2230
       Large shield      |       |       |       |       |       |       |       |   274 |  1301 ||  1575
       Rpst.: Scimitar   |       |       |       |       |     1 |       |       |       |       ||     1
